 Dungeon Crawl Stone Soup version 0.28-a0-563-gf77a47075d (webtiles) character file.

Game seed: 13823377696416815650

79949 pokedragonboy the Impaler (level 15, 0/138 HPs)
             Began as a Hill Orc Fighter on Sept 27, 2021.
             Was the Champion of Beogh.
             Killed from afar by a deep elf pyromancer (9 damage)
             ... with a bolt of fire
             ... on level 15 of the Dungeon on Sept 29, 2021.
             The game lasted 01:43:44 (34834 turns).

pokedragonboy the Impaler (Hill Orc Fighter)       Turns: 34834, Time: 01:43:44

Health: 0/138      AC: 27    Str: 26    XL:     15   Next: 65%
Magic:  20/20      EV:  7    Int:  8    God:    Beogh [******]
Gold:   2560       SH: 11    Dex:  8    Spells: 14/14 levels left

rFire   + . .      SeeInvis +   D - +2 war axe (vamp)
rCold   . . .      Faith    +   I - +0 kite shield
rNeg    + + .      Spirit   .   X - +2 plate armour {rC+}
rPois   +          Reflect  .   j - +0 helmet
rElec   .          Harm     .   x - +2 cloak of Beogh's Brutal Revenge {rPois rN+ Dex-2}
rCorr   +          Rampage  .   n - +0 pair of gloves
Will    ++...                   A - +1 pair of boots
Stlth   ..........              U - amulet of faith
HPRegen 0.33/turn               S - ring "Xexip" {Fire rN+ rCorr SInv}
MPRegen 0.17/turn               N - ring of willpower

@: no status effects
A: walk on water, [low mp 2]
a: Renounce Religion, Smiting, Recall Orcish Followers, Give Item to Named
Follower, Resurrection


You were on level 15 of the Dungeon.
You worshipped Beogh.
Beogh was exalted by your worship.
You visited 3 branches of the dungeon, and saw 23 of its levels.
You visited the Abyss 1 time.
You also visited: Sewer and Ice Cave.

You collected 2657 gold pieces.
You spent 97 gold pieces at shops.

Inventory:

Hand Weapons
 a - a +4 broad axe
 b - the +7 trident of Tashriut {antimagic, *Corrode rPois rF+ Dex+3}
   (You found it on level 11 of the Dungeon)

   It reduces the magical energy of the wielder, and disrupts the spells and
   magical abilities of those it strikes.
   Natural abilities and divine invocations are not affected.
   Dex:       It affects your dexterity (+3).
   rF:        It protects you from fire.
   rPois:     It protects you from poison.
   *Corrode:  It may corrode you when you take damage.
 r - the +1 flail of Taxation {protect, Int+3}
   (You found it on level 13 of the Dungeon)

   It grants its wielder temporary protection when it strikes (+7 to AC).
   Int:       It affects your intelligence (+3).
 B - a +2 glaive of venom
 D - a +2 vampiric war axe (weapon)
Missiles
 s - 2 curare-tipped darts
 t - 52 poisoned darts
 H - a silver boomerang
 V - 2 javelins (quivered)
Armour
 f - a scarf of resistance
 j - a +0 helmet (worn)
 n - a +0 pair of gloves (worn)
 x - the +2 cloak of Beogh's Brutal Revenge (worn) {rPois rN+ Dex-2}
   (You found it in a sewer)

   Dex:       It affects your dexterity (-2).
   rPois:     It protects you from poison.
   rN:        It protects you from negative energy.
 A - a +1 pair of boots (worn)
 I - a +0 kite shield (worn)
 X - a +2 plate armour of cold resistance (worn)
Jewellery
 N - a ring of willpower (right hand)
 O - a ring of protection from cold
 Q - a ring of positive energy
 S - the ring "Xexip" (left hand) {Fire rN+ rCorr SInv}
   (You found it on level 6 of the Lair of Beasts)

   [ring of fire]

   It enhances your fire magic.
   rF:        It protects you from fire.
   rC:        It makes you vulnerable to cold.
   rN:        It protects you from negative energy.
   SInv:      It lets you see invisible.
   rCorr:     It protects you from acid and corrosion.
 U - an amulet of faith (around neck)
Wands
 c - a wand of charming (9)
 l - a wand of iceblast (18)
 p - a wand of paralysis (10)
 G - a wand of acid (12)
 M - a wand of digging (5)
 P - a wand of polymorph (16)
Scrolls
 g - 4 scrolls of magic mapping
 i - a scroll of fog
 q - a scroll of blinking
 y - 2 scrolls of enchant weapon
 E - 9 scrolls of teleportation
 F - 5 scrolls of noise
 J - 3 scrolls of immolation
 L - 2 scrolls of vulnerability
 W - a scroll of holy word
Potions
 d - 3 potions of might
 e - 2 potions of berserk rage
 h - 6 potions of haste
 k - 7 potions of attraction
 u - 5 potions of resistance
 v - 2 potions of invisibility {unknown}
 w - a potion of mutation {unknown}
 K - 2 potions of magic {unknown}
 T - 4 potions of cancellation
 Z - 3 potions of lignification
Miscellaneous
 m - a phial of floods
 o - a tin of tremorstones (2/2)


   Skills:
 + Level 14.1 Fighting
 * Level 19.8 Polearms
 + Level 12.9 Armour
 - Level 12.0 Shields
 + Level 14.9 Invocations


You had 14 spell levels left.
You didn't know any spells.
Your spell library contained the following spells:

 Spells                   Type           Power      Damage    Failure   Level
 Animate Skeleton         Necr           0%         N/A       99%         1
 Apportation              Tloc           0%         N/A       99%         1
 Foxfire                  Conj/Fire      0%         2x1d4     99%         1
 Summon Small Mammal      Summ           0%         N/A       99%         1
 Conjure Flame            Conj/Fire      0%         6-21      100%        3
 Ignite Poison            Fire/Tmut/Pois 0%         N/A       100%        3
 Inner Flame              Hex/Fire       0%         N/A       100%        3
 Mephitic Cloud           Conj/Pois/Air  0%         N/A       100%        3
 Airstrike                Air            0%         N/A       100%        4
 Flame Wave               Conj/Fire      0%         3d3       100%        4
 Fulminant Prism          Conj/Hex       0%         3d6       100%        4
 Iskenderun's Mystic Bla  Conj/Tloc      0%         2d3       100%        4
 Petrify                  Tmut/Erth      0%         N/A       100%        4
 Summon Lightning Spire   Summ/Air       0%         N/A       100%        4
 Freezing Cloud           Conj/Ice/Air   0%         6-21      100%        5
 Lee's Rapid Deconstruct  Erth           0%         3d5*      100%        5
 Lightning Bolt           Conj/Air       0%         1d11      100%        5
 Metabolic Englaciation   Hex/Ice        0%         N/A       100%        5
 Statue Form              Tmut/Erth      0%         N/A       100%        6


Dungeon Overview and Level Annotations

Branches:
Dungeon (15/15)            Temple (0/1) D:6            Lair (6/6) D:9
 Shoals (0/4) Lair:4       Spider (0/4) Lair:2        Slime (0/5) Lair:6
    Orc (2/2) D:12            Elf (0/3) Orc:2        Vaults (0/5) D:14
  Sewer (visited)           IceCv (visited)
 Depths: D:15

Altars:
Ashenzari
Hepliaklqana
Nemelex Xobeh
Qazlal
Ru
Sif Muna
Trog
Vehumet
Xom
Zin
The Shining One
Beogh

Shops:
D:4 *   Orc:2 *(?:

Portals:
Pandemonium: Orc:2
Trove: D:11 (show slimy rune of Zot)

Annotations:
D:8 2 transporters, Dittersdorf's ghost, novice GrFi
D:12 Urug


Innate Abilities, Weirdness & Mutations

You can walk on water.
[Your magical capacity is very low. (-20% MP)]


Message History

The purple draconian is almost dead.
You hit the purple draconian.
You feel better.
You kill the purple draconian!
Beogh accepts your kill.
Throw: 3 javelins
Press: ? - help, Q - select action, (/) - cycle Shift-Dir - straight line, f - chaos spawn
Aim: a chaos spawn (56% to hit)
You throw a javelin.
The javelin pierces through the chaos spawn but does no damage.
The substance of the Abyss twists violently, and a gateway leading out appears!
A wretched star comes into view.
The chaos spawn hits you but does no damage.
The wretched star pulses with an eldritch light!
You feel less energetic. x2
You pass through the gate.
Welcome back to the Dungeon!
Bladwarg roars a battlecry!
Your orcs go into a battle-frenzy!
The deep elf pyromancer gestures wildly while chanting.
The deep elf pyromancer blinks!
Bladwarg unwields a +1 arbalest.
Bladwarg wields a +2 bardiche of protection.
Bladwarg hits the wizard with a +2 bardiche of protection!!
The wizard barely misses Bladwarg.
Your orc knight closely misses the deep elf pyromancer.
Unknown command.
You swap places.
The wizard drinks a potion.
The wizard is healed!
The deep elf pyromancer hits your orc knight with a +0 long sword.
Bladwarg roars a battlecry!
Your orc wizard goes into a battle-frenzy!
The chaos spawn gores Bladwarg but does no damage.
Your orc knight hits the deep elf pyromancer with a +0 long sword!!!
Things that are here:
a +0 robe; a +0 club; a naga skeleton You swap places.
The wizard hits Bladwarg but does no damage.
Bladwarg is poisoned.
The deep elf pyromancer casts a spell at you.
The bolt of fire hits your orc knight!! The bolt of fire hits you! You resist.
You die...

###################
..........o........
#..#####.###o#######
#..#<..#.# #o#
#..#...#o# #.##
#..#...#.# #o.#
###..#..##o####'###
.....#..#..##.p.oo##
.#...##.#o##.ooo@oe#
.#.....o#.#.4#####..#
.#..###o#.#.. ..#
......oo.o#. .#
##.#.#ooo.# #
o..#..oo#.#
##...#o##.##
#......##..##
#..#.#####..########


You could see a deep elf pyromancer (ally target), a wizard, a chaos spawn, the
friendly Bladwarg the orc warlord (very poisoned), 2 friendly orc knights, 3
friendly orc warriors, 2 friendly orc wizards and 2 friendly orcs.

Vanquished Creatures
  A deep elf demonologist (Abyss:3)
  A purple draconian (Abyss:3)
  The ghost of Zeihuf the Spear-Bearer, a journeyman TrBe of Trog (Lair:2)
  6 hydras
  2 boulder beetles
  A centaur warrior (D:14)
  2 catoblepae
  A death knight (D:14)
  3 two-headed ogres
  A death yak (Lair:6)
  4 thrashing horrors (Abyss:3)
  2 orc high priests (Orc:2)
  2 wretched stars (Abyss:3)
  A fire crab (shapeshifter) (D:14)
  A sixfirhy (Orc:2)
  A lindwurm (Lair:3)
  An orc knight (D:12)
  Pikel (D:4)
  A deep elf pyromancer (D:13)
  4 ugly things
  A moth of wrath (D:12)
  An orc sorcerer (Orc:2)
  A salamander (shapeshifter) (D:14)
  9 elephants
  A centaur zombie (D:10)
  3 ice statues (IceCv)
  4 cyclopes
  A black mamba (Lair:6)
  A naga mage (D:15)
  5 cane toads
  A gargoyle (D:14)
  An efreet (D:15)
  4 komodo dragons
  An unseen horror (D:11)
  A freezing wraith (IceCv)
  A hellwing (Orc:2)
  3 rime drakes
  A guardian mummy (D:11)
  2 trolls (D:13)
  A hornet (D:9)
  The ghost of SkeletonJelly the Grave Robber, a novice SpNe (D:4)
  2 polar bears
  Prince Ribbit (D:9)
  A raiju (shapeshifter) (D:10)
  3 slime creatures
  10 blink frogs
  4 large abominations (Abyss:3)
  A wraith (D:12)
  6 redbacks (Lair:2)
  A water elemental (D:11)
  3 wyverns
  A basilisk (shapeshifter) (D:15)
  2 ynoxinuls (Abyss:3)
  4 dire elephant simulacra (IceCv)
  A vampire (Abyss:3)
  A basilisk (Lair:2)
  45 yaks
  2 chaos spawn (Abyss:3)
  2 steam dragons
  7 vampire mosquitoes
  A warg (Orc:2)
  Edmund (D:4)
  11 water moccasins
  4 black bears
  8 orc warriors
  A sky beast (shapeshifter) (D:14)
  4 ogres
  2 ice beasts (D:6)
  A sky beast (D:7)
  A necrophage (D:4)
  A wolf (Lair:5)
  2 phantoms
  5 centaurs
  A lemure (D:5)
  3 gnoll sergeants
  5 kobold brigands
  9 bullfrogs
  3 cane toad simulacra
  2 scorpions
  2 elephant simulacra (IceCv)
  3 electric eels
  5 wights (D:8)
  2 howler monkeys
  2 centaur skeletons
  5 jellies
  A bullfrog skeleton (D:6)
  2 gnoll shamans (D:6)
  An orc priest (D:6)
  8 hounds
  An iron imp (Abyss:3)
  3 iguanas
  8 orc wizards
  2 polar bear simulacra
  A killer bee zombie (D:5)
  2 wolf simulacra (Lair:5)
  Robin (D:2)
  10 adders
  21 gnolls
  A river rat (D:3)
  3 white imps
  An ufetubus (D:4)
  An adder skeleton (D:4)
  A dart slug (D:4)
  18 orcs
  10 endoplasms
  8 giant cockroaches
  10 goblins
  8 hobgoblins
  4 jackals
  3 quokkas
  5 ball pythons
  6 bats
  6 frilled lizards
  28 kobolds
  6 rats
442 creatures vanquished.

Vanquished Creatures (collateral kills)
  An orc warlord (Orc:1)
  A stone giant (D:12)
  Snorg (D:12)
  The ghost of Demosthentine the Impaler, a journeyman MfGl of the Shining One (D:12)
  A fire dragon (D:15)
  2 hydras
  3 catoblepae (Lair:6)
  2 boulder beetles
  4 death yaks (Lair:6)
  3 two-headed ogres (D:12)
  2 orc high priests (Orc:2)
  A soul eater (Orc:2)
  A sun demon (Orc:2)
  A sixfirhy (Orc:2)
  A torturous demonspawn (Orc:2)
  5 orc knights
  5 orc sorcerers
  A cyclops (D:12)
  A centaur zombie (D:10)
  Maurice (Orc:2)
  5 manticores
  A rust devil (Orc:2)
  A naga mage (D:15)
  11 elephants
  An ice statue (D:11)
  2 black mambas
  A smoke demon (Orc:2)
  4 cane toads
  Maggie (D:10)
  A gargoyle (D:12)
  6 komodo dragons
  4 trolls
  A jumping spider (Lair:2)
  3 polar bears
  6 blink frogs
  6 slime creatures
  A shadow (D:11)
  A vampire (D:11)
  2 redbacks (Lair:2)
  18 yaks
  2 death yak simulacra (Lair:5)
  A basilisk (Lair:3)
  A basilisk (shapeshifter) (D:15)
  7 vampire mosquitoes
  A warg (shapeshifter) (D:13)
  A warg (Orc:2)
  2 acid dragons
  5 water moccasins
  14 orc warriors
  2 ogres
  2 centaurs
  2 wolves (Lair:5)
  A gnoll sergeant (D:11)
  2 bullfrogs
  5 electric eels
  8 orc priests
  4 orc wizards
  2 gnolls
  7 orcs
183 creatures vanquished.

Vanquished Creatures (others)
  Urug (D:12)
  An orc high priest (Orc:2)
  An orc knight (Orc:2)
  2 orc sorcerers (Orc:2)
  A blink frog (Lair:3)
  15 orc warriors
  11 orc priests
  5 orc wizards
  29 orcs
  41 fungi
  98 plants
  3 starspawn tentacles (Abyss:3)
  2 withered plants (Lair:2)
210 creatures vanquished.

Grand Total: 835 creatures vanquished

Notes
Turn   | Place    | Note
-------+----------+-------------------------------------------
     0 | D:1      | pokedragonboy the Hill Orc Fighter began the quest for the
                  | Orb.
     0 | D:1      | Reached XP level 1. HP: 19/19 MP: 1/1
   488 | D:1      | Reached XP level 2. HP: 27/27 MP: 2/2
  1008 | D:1      | Found a faded altar of an unknown god.
  1308 | D:2      | Reached skill level 1 in Invocations
  1308 | D:2      | Reached XP level 3. HP: 27/33 MP: 3/3
  1422 | D:2      | Reached skill level 3 in Polearms
  1603 | D:2      | Reached XP level 4. HP: 28/40 MP: 5/5
  1954 | D:2      | Noticed Robin
  2019 | D:2      | Killed Robin
  2596 | D:3      | Found a radiant altar of Vehumet.
  2681 | D:3      | Found a glowing drain.
  2713 | D:3      | Reached XP level 5. HP: 45/46 MP: 6/6
  2827 | Sewer    | Entered a sewer
  2977 | Sewer    | Noticed a kobold brigand
  2988 | Sewer    | Killed a kobold brigand
  2989 | Sewer    | Reached skill level 4 in Polearms
  3293 | Sewer    | Noticed a kobold brigand
  3315 | Sewer    | Killed a kobold brigand
  3316 | Sewer    | Reached XP level 6. HP: 20/53 MP: 6/8
  3661 | Sewer    | Identified the +2 cloak of Beogh's Brutal Revenge {rPois
                  | rN+ Dex-2}
  3788 | D:3      | Found a stormy altar of Qazlal.
  4037 | D:3      | Reached skill level 5 in Polearms
  4169 | D:3      | Found a sparkling altar of Nemelex Xobeh.
  4204 | D:4      | Reached skill level 5 in Fighting
  4431 | D:4      | Noticed a necrophage
  4444 | D:4      | Killed a necrophage
  4445 | D:4      | Reached XP level 7. HP: 56/61 MP: 9/9
  4569 | D:4      | Noticed Edmund
  4595 | D:4      | Killed Edmund
  4843 | D:4      | Found a transporter.
  4854 | D:4      | Reached skill level 6 in Polearms
  4854 | D:4      | Reached skill level 5 in Armour
  4880 | D:4      | Found Kulacrom's Neck Hole.
  4937 | D:4      | Found a transporter.
  5354 | D:4      | Noticed SkeletonJelly's ghost (novice SpNe)
  5390 | D:5      | Entered Level 5 of the Dungeon
  5394 | D:5      | Reached XP level 8. HP: 66/70 MP: 11/11
  5852 | D:5      | Reached skill level 5 in Invocations
  6038 | D:5      | Noticed a two-headed ogre
  6232 | D:5      | Reached skill level 7 in Polearms
  6594 | D:5      | Noticed Pikel
  6842 | D:4      | Killed Pikel
  6843 | D:4      | Reached skill level 5 in Shields
  6843 | D:4      | Reached XP level 9. HP: 56/78 MP: 13/13
  6980 | D:5      | Found a bloodstained altar of Trog.
  7194 | D:5      | Killed a two-headed ogre
  7195 | D:5      | Reached skill level 8 in Polearms
  7279 | D:6      | Found a staircase to the Ecumenical Temple.
  7598 | D:6      | Reached skill level 9 in Polearms
  7926 | D:6      | Became a worshipper of Beogh the Brigand
  7967 | D:6      | Reached XP level 10. HP: 73/88 MP: 15/15
  9160 | D:7      | Reached * piety under Beogh
 10182 | D:4      | Killed SkeletonJelly's ghost
 10183 | D:4      | Reached skill level 10 in Polearms
 11328 | D:8      | Found a transporter.
 11400 | D:8      | Reached skill level 11 in Polearms
 11540 | D:8      | Reached ** piety under Beogh
 11648 | D:8      | Found a transporter.
 11648 | D:8      | Noticed Dittersdorf's ghost (novice GrFi)
 12009 | D:8      | Found a shimmering altar of Xom.
 12009 | D:8      | Found a glowing golden altar of the Shining One.
 12010 | D:8      | Found a sacrificial altar of Ru.
 12010 | D:8      | Found a broken altar of Ashenzari.
 12017 | D:8      | Found a glowing silver altar of Zin.
 12018 | D:8      | Found a hazy altar of Hepliaklqana.
 12303 | D:9      | Reached XP level 11. HP: 57/95 MP: 17/17
 12493 | D:9      | Found a staircase to the Lair.
 12509 | D:9      | Reached skill level 12 in Polearms
 13091 | D:9      | Noticed Prince Ribbit
 13414 | D:9      | Killed Prince Ribbit
 13743 | D:10     | Entered Level 10 of the Dungeon
 13766 | Lair:1   | Entered Level 1 of the Lair of Beasts
 14259 | Lair:1   | Reached skill level 13 in Polearms
 14416 | Lair:1   | Reached *** piety under Beogh
 14428 | Lair:1   | Reached skill level 10 in Invocations
 14449 | Lair:1   | Reached skill level 14 in Polearms
 14620 | Lair:1   | Reached skill level 10 in Fighting
 15049 | Lair:2   | Reached XP level 12. HP: 102/106 MP: 19/19
 16345 | D:10     | Found a shimmering blue altar of Sif Muna.
 16494 | D:10     | Noticed Maggie
 16503 | D:10     | Killed Maggie
 16504 | D:10     | Reached skill level 15 in Polearms
 17052 | Lair:2   | Found a runed translucent door.
 17052 | Lair:2   | Noticed Zeihuf's ghost (journeyman TrBe)
 17073 | Lair:2   | Reached **** piety under Beogh
 17422 | Lair:2   | Found a hole to the Spider Nest.
 17708 | Lair:2   | Killed Zeihuf's ghost
 17943 | Lair:3   | Noticed a four-headed hydra
 17951 | Lair:3   | Killed a four-headed hydra
 17974 | Lair:3   | Gained Bladwarg as an ally
 17979 | Lair:3   | Reached skill level 16 in Polearms
 17982 | Lair:3   | Reached skill level 10 in Armour
 18362 | Lair:3   | Noticed an eight-headed hydra
 18368 | Lair:3   | Killed an eight-headed hydra
 18750 | Lair:3   | Reached XP level 13. HP: 15/116 MP: 21/21
 19266 | Lair:4   | Reached ***** piety under Beogh
 19809 | Lair:4   | Found a staircase to the Shoals.
 20184 | Lair:5   | Reached skill level 17 in Polearms
 20194 | Lair:5   | Reached skill level 10 in Shields
 20228 | Lair:5   | Found a frozen archway.
 20276 | IceCv    | Entered an ice cave
 21176 | Lair:5   | Upgraded the game from 0.28-a0-537-g3bccd9ccbf to
                  | 0.28-a0-556-gab23d0e057
 21869 | Lair:6   | Entered Level 6 of the Lair of Beasts
 22030 | Lair:6   | Found a staircase to the Slime Pits.
 22507 | Lair:6   | Reached XP level 14. HP: 127/127 MP: 23/23
 22544 | Lair:6   | Reached skill level 18 in Polearms
 22606 | Lair:6   | Identified the ring "Xexip" {Fire rN+ rCorr SInv}
 23569 | Lair:1   | Identified a scroll of acquirement
 23569 | Lair:1   | Acquired a +2 bardiche of protection
 23686 | D:9      | Upgraded the game from 0.28-a0-556-gab23d0e057 to
                  | 0.28-a0-563-gf77a47075d
 23753 | D:11     | Reached ****** piety under Beogh
 23764 | D:11     | Noticed Urug
 24410 | D:11     | Identified the +7 trident of Tashriut {antimagic, *Corrode
                  | rPois rF+ Dex+3}
 24669 | D:11     | Found a portal to a secret trove of treasure.
 25347 | D:12     | Noticed Snorg
 25356 | D:12     | Killed Snorg
 25719 | D:12     | Noticed Demosthentine's ghost (journeyman MfGl)
 25720 | D:12     | Found a staircase to the Orcish Mines.
 25720 | D:12     | Noticed a stone giant
 25782 | D:12     | Found a transporter.
 25793 | D:12     | Found a transporter.
 25794 | D:12     | Found a bloodstained altar of Trog.
 25988 | D:12     | Your ally died
 26012 | D:12     | Killed Demosthentine's ghost
 26014 | D:12     | HP: 2/129 [stone giant (20)]
 26018 | D:12     | Killed a stone giant
 28208 | D:13     | Identified the +1 flail of Taxation {protect, Int+3}
 28307 | Orc:1    | Entered Level 1 of the Orcish Mines
 28395 | Orc:1    | Gained Harm as an ally
 29026 | Orc:1    | Noticed an orc warlord
 29037 | Orc:1    | Killed an orc warlord
 29552 | Orc:2    | Entered Level 2 of the Orcish Mines
 29576 | Orc:2    | Found a roughly hewn altar of Beogh.
 30148 | Orc:2    | Found Iroghu's Magic Scroll Emporium.
 30150 | Orc:2    | Found Ziogabb's General Store.
 30171 | Orc:2    | HP: 6/129 [sixfirhy (9)]
 30183 | Orc:2    | Gained Learuk as an ally
 30573 | Orc:2    | Reached skill level 19 in Polearms
 30776 | Orc:2    | Bought a scroll of teleportation for 45 gold pieces
 30778 | Orc:2    | Bought a scroll of identify for 26 gold pieces
 30778 | Orc:2    | Bought a scroll of identify for 26 gold pieces
 30780 | Orc:2    | Acquired a +2 glaive of venom
 30825 | Orc:2    | Noticed Maurice
 30828 | Orc:2    | Reached XP level 15. HP: 40/136 MP: 5/25
 30831 | Orc:2    | Your ally Learuk died
 30852 | Orc:2    | Killed Maurice
 31329 | Orc:2    | Found Qipsial's Book Shop.
 31329 | Orc:2    | Found Syfal's Antique Weapon Boutique.
 31330 | Orc:2    | Found a one-way gate leading to the halls of Pandemonium.
 31486 | Orc:2    | Found a staircase to the Elven Halls.
 32332 | D:14     | Found a gate to the Vaults.
 33402 | D:15     | Entered Level 15 of the Dungeon
 34064 | D:15     | Cast into level 3 of the Abyss (a wizard)
 34408 | Abyss:3  | Noticed an Ice Fiend
 34413 | Abyss:3  | Noticed a balrug
 34546 | Abyss:3  | Noticed a tentacled starspawn
 34560 | Abyss:3  | Paralysed by accursed screaming for 1 turns
 34561 | Abyss:3  | HP: 5/138 [smoke demon (5)]
 34827 | Abyss:3  | HP: 5/138 [purple draconian/bolt of dispelling energy (34)]
 34832 | D:15     | Escaped the Abyss
 34834 | D:15     | Killed from afar by a deep elf pyromancer

Illustrated notes

Levels and vault maps discovered:
D:1:      lemuel_arrival_rhombus, layout_loops_ring,
          hellmonk_ecumenical_altar_crossroads
D:2:      layout_basic, uniq_robin
D:3:      layout_rooms, vehumet_crystals, mainiacjoe_overflow_big_doors,
          portal_sewer_entry_a, kennysheep_another_room, minmay_misc_feat_roman
D:4:      layout_loops_ring, gammafunk_ghost_gnarly_gnolls,
          nicolae_shop_sticking_my_neck_out, uniq_edmund
D:5:      layout_basic, general_overflow_altar, grunt_ministairs_8,
          kennysheep_generic_room_3, uniq_pikel
D:6:      kennysheep_housing_project, layout_rooms,
          minmay_temple_entry_mini_moons, hangedman_decor_slide_cut
D:7:      layout_basic, chequers_big_river
D:8:      layout_loops_ring, grunt_temple_overflow_open,
          gammafunk_ghost_mausoleum, grunt_ministairs_2
D:9:      layout_irregular_city, due_lair_maze_entry_diamond,
          uniq_prince_ribbit1
D:10:     layout_loops_corners, lemuel_blue_sif_altar, uniq_maggie
D:11:     layout_basic, nicolae_trove_entry_path_of_doom,
          amcnicky_mini_pool_small, minivault_16, uniq_urug
D:12:     layout_roguey, gammafunk_ghost_wrathful_warriors, uniq_snorg
D:13:     layout_loops_ring, serial_rivers, chequers_serial_rivers_room_b,
          chequers_serial_rivers_room_a, chequers_serial_rivers_large_a,
          chequers_serial_rivers_micro_b, chequers_serial_rivers_marsh
D:14:     layout_rooms, minmay_misc_feat_alley
D:15:     grunt_enter_depths_magical_seal, layout_basic, wad_dig_loot
Lair:1:   layout_big_grid, patterned_corridor, grunt_megastairs_4
Lair:2:   layout_long_grid, nicolae_spider_entry_tight_spaces,
          gammafunk_ghost_grave
Lair:3:   layout_chaotic_city, infiniplex_staircase_pool_2, grunt_megastairs_2,
          lemuel_fruit_fields, serial_bayou_shore_a
Lair:4:   layout_regular_city, elwin_shoals_entry_rocks
Lair:5:   layout_hall_layers, portal_ice_cave_entry_ice_simulacra
Lair:6:   evilmike_catoblepas_cave, layout_hall_layers,
          minmay_slime_entry_pillars, amcnicky_mini_pool_medium
Orc:1:    layout_caves, guppyfry_library_mini
Orc:2:    pf_orc_diabolical, layout_caves, basic_altar, lightli_orcish_oven,
          uniq_maurice

Skill      XL: |  1  2  3  4  5  6  7  8  9 10 11 12 13 14 15 |
---------------+----------------------------------------------+-----
Invocations    | 1 2 3 4 6 7 9 10 11 12 14 | 14.9
Polearms       | 3 4 5 6 7 9 11 14 16 17 19 | 19.8
Shields        | 4 5 6 7 8 9 10 11 12 | 12.0
Fighting       | 4 5 6 7 8 10 11 12 13 14 | 14.1
Armour         | 4 5 6 7 8 9 10 11 12 | 12.9

Action                   |  1- 3 |  4- 6 |  7- 9 | 10-12 | 13-15 || total
-------------------------+-------+-------+-------+-------+-------++-------
Melee: Trident           |   124 |   260 |   393 |   741 |   302 ||  1820
       Unarmed           |       |       |     5 |       |       ||     5
       Spear             |       |       |       |     2 |       ||     2
       War axe           |       |       |       |   267 |   544 ||   811
       Broad axe         |       |       |       |       |   126 ||   126
Throw: Dart              |       |       |    10 |     8 |       ||    18
       Javelin           |       |       |       |       |     3 ||     3
Invok: Convert to Beogh  |       |       |     1 |       |       ||     1
       Smiting           |       |       |       |       |    10 ||    10
       Recall Orcish Fol |       |       |       |       |    16 ||    16
       Stop Recall       |       |       |       |       |     6 ||     6
       Give Item to Name |       |       |       |       |     1 ||     1
  Use: Potion            |       |     1 |       |     5 |    13 ||    19
       Scroll            |       |     3 |     2 |     7 |    13 ||    25
 Stab: Distracted        |       |       |       |       |     9 ||     9
       Petrified         |       |       |       |       |     1 ||     1
Armor: Scale mail        |    44 |    24 |       |       |       ||    68
       Plate armour      |       |    35 |       |   398 |   598 ||  1031
       Chain mail        |       |    86 |   146 |    53 |       ||   285
       Skin              |       |       |     3 |       |       ||     3
Dodge: Dodged            |    47 |    89 |   150 |   376 |   232 ||   894
Block: Buckler           |    29 |    46 |    71 |   101 |       ||   247
       Kite shield       |       |       |       |   168 |   462 ||   630

Table legend: (Time is in decaauts)
 A = Elapsed time spent in this place.
 B = Non-inter-level travel time spent in this place.
 C = Inter-level travel time spent in this place.
 D = Time resting spent in this place.
 E = Time spent auto-exploring this place.
 F = Levels seen in this place.
 G = Mean time per level.
                   A        B        C        D        E       F      G
               +--------+--------+--------+--------+--------+-----+--------+
         Total |  34708 |  31931 |   2777 |  10257 |  15060 |  26 | 1334.9 |
       Dungeon |  21578 |  19683 |   1895 |   5785 |   9802 |  15 | 1438.5 |
          Lair |   7398 |   6613 |    785 |   1267 |   4137 |   6 | 1233.0 |
  Orcish Mines |   3272 |   3176 |     96 |   1613 |    936 |   2 | 1636.0 |
         Abyss |    724 |    724 |      0 |    429 |     55 |   1 |  724.0 |
         Sewer |    972 |    972 |      0 |    618 |    113 |   1 |  972.0 |
      Ice Cave |    762 |    762 |      0 |    543 |     16 |   1 |  762.0 |
               +--------+--------+--------+--------+--------+-----+--------+

Top non-repeatable levels by time:
   Orc:2: 2093 daAuts
    D:12: 2025 daAuts
     D:5: 1846 daAuts
     D:4: 1842 daAuts
     D:8: 1752 daAuts
     D:9: 1665 daAuts
    D:10: 1608 daAuts
     D:7: 1559 daAuts
    D:14: 1541 daAuts
  Lair:6: 1513 daAuts
    D:13: 1472 daAuts
  Lair:2: 1463 daAuts
  Lair:3: 1430 daAuts
    D:11: 1339 daAuts
     D:6: 1316 daAuts
